 Dungeon Crawl Stone Soup version 0.23-a0-183-gf37f6fb109 (webtiles) character file.

49574 Jesh the Unseen (level 14, -5/72 HPs)
             Began as a Spriggan Enchanter on Sept 23, 2018.
             Was a High Priest of Dithmenos.
             Slain by a death yak (27 damage)
             ... in an ice cave.
             The game lasted 01:31:53 (20958 turns).

Jesh the Unseen (Spriggan Enchanter)               Turns: 20958, Time: 01:31:53

Health: -5/72      AC:  5    Str:  7    XL:     14   Next: 16%
Magic:  22/30      EV: 30    Int: 24    God:    Dithmenos [*****.]
Gold:   708        SH:  0    Dex: 18    Spells: 20/36 levels left

rFire    . . .     SeeInvis +   a - +6 dagger (elec)
rCold    + + +     Gourm    .   (shield restricted)
rNeg     + + .     Faith    .   M - +1 robe of Contentment {*Contam rN++ MR+ Int+2}
rPois    +         Spirit   .   s - +2 hat {Int+3}
rElec    .         Reflect  .   P - scarf {rC+ rF+}
rCorr    .         Harm     .   (gloves unavailable)
MR       +++..                  (boots unavailable)
Stlth    ++++++++++             (no amulet)
HPRegen  0.22/turn              E - ring "Hoppomul" {rPois rC+ Int+2 SInv}
MPRegen  0.22/turn              N - ring of ice

@: wreathed by umbra, very quick
A: very small, unfitting armour, see invisible, herbivore, speed 3, slow
metabolism 2
a: Shadow Step, Shadow Form, Renounce Religion


You were in an ice cave.
You worshipped Dithmenos.
Dithmenos was extremely pleased with you.
You were not hungry.

You visited 3 branches of the dungeon, and saw 18 of its levels.
You also visited: Ice Cave.

You collected 1269 gold pieces.
You spent 561 gold pieces at shops.

Inventory:

Hand Weapons
 a - a +6 dagger of electrocution (weapon)
 e - a +0 rapier
Armour
 j - a +2 cloak
 s - a +2 hat of intelligence (worn)
 G - a +2 robe of magic resistance
 M - the +1 robe of Contentment (worn) {*Contam rN++ MR+ Int+2}
   (You found it on level 2 of the Lair of Beasts)

   It affects your intelligence (+2).
   It greatly protects you from negative energy.
   It affects your resistance to hostile enchantments.
   It causes magical contamination when unequipped.
 O - a +2 robe of cold resistance
 P - a scarf of resistance (worn)
Jewellery
 c - an uncursed ring of positive energy
 k - an uncursed ring of wizardry
 o - a +3 ring of protection
 w - an uncursed amulet of magic regeneration
 A - an uncursed ring of resist corrosion
 E - the ring "Hoppomul" (left hand) {rPois rC+ Int+2 SInv}
   (You took it off a kobold demonologist on level 13 of the Dungeon)

   [ring of poison resistance]

   It affects your intelligence (+2).
   It protects you from cold.
   It protects you from poison.
   It lets you see invisible.
 F - an uncursed ring of positive energy
 N - a ring of ice (right hand)
Wands
 g - a wand of random effects (47)
 l - a wand of flame (41)
 n - a wand of scattershot (4)
 p - a wand of clouds (1)
 v - a wand of polymorph (24)
Scrolls
 b - a scroll of blinking
 i - 3 scrolls of fog
 m - 5 scrolls of remove curse
 q - 3 scrolls of immolation
 x - 3 scrolls of amnesia
 y - a scroll of fear
 C - 2 scrolls of magic mapping
 J - 2 scrolls of teleportation
Potions
 f - 2 potions of magic
 h - 4 potions of flight
 r - 5 potions of heal wounds
 t - 3 potions of brilliance
 u - 3 potions of ambrosia
 z - 5 potions of curing
 B - 3 potions of cancellation
 D - 2 potions of mutation {unknown}
 H - 4 potions of lignification {unknown}
 I - a potion of resistance {unknown}
 K - 3 potions of might
Miscellaneous
 L - a lightning rod (4/4)
Comestibles
 d - 28 rations


   Skills:
 + Level 7.8 Fighting
 + Level 10.3 Short Blades
 + Level 13.1 Dodging
 + Level 19.4 Stealth
 + Level 11.9 Spellcasting
 + Level 12.1 Hexes


You had 20 spell levels left.
You knew the following spells:

 Your Spells              Type           Power        Failure   Level  Hunger
a - Ensorcelled Hibernat  Hex/Ice        ######       1%          2    None
b - Corona                Hex            ######.      1%          1    None
c - Confuse               Hex            ######..     1%          3    None
d - Tukima's Dance        Hex            ######..     1%          3    None
e - Dazzling Spray        Conj/Hex       #####.       1%          3    None
f - Cause Fear            Hex            ######....   1%          4    None

Your spell library contained the following spells:

 Spells                   Type           Power        Failure   Level  Hunger
 Confusing Touch          Hex            ######       1%          1    None
 Slow                     Hex            ######..     1%          2    None
 Inner Flame              Hex/Fire       #####...     1%          3    None
 Portal Projectile        Hex/Tloc       #####.       1%          3    None
 Spectral Weapon          Hex/Chrm       #####...     1%          3    None
 Leda's Liquefaction      Hex/Erth       #####.....   3%          4    None
 Animate Skeleton         Necr           N/A          4%          1    None
 Apportation              Tloc           ##....       4%          1    None
 Beastly Appendage        Tmut           ##....       4%          1    None
 Flame Tongue             Conj/Fire      ##...        4%          1    None
 Freeze                   Ice            ###.         4%          1    None
 Infusion                 Chrm           ##..         4%          1    None
 Sandblast                Erth           ##....       4%          1    None
 Shock                    Conj/Air       ##..         4%          1    None
 Sting                    Conj/Pois      ##..         4%          1    None
 Summon Small Mammal      Summ           ##..         4%          1    None
 Shroud of Golubria       Chrm/Tloc      ##........   7%          2    None
 Song of Slaying          Chrm           ##......     7%          2    None
 Sticks to Snakes         Tmut           ##......     7%          2    None
 Swiftness                Chrm/Air       ##......     7%          2    None
 Throw Flame              Conj/Fire      ##....       7%          2    None
 Throw Frost              Conj/Ice       ###...       7%          2    None
 Metabolic Englaciation   Hex/Ice        ######....   10%         5    ###....
 Silence                  Hex/Air        #####.....   10%         5    ###....
 Yara's Violent Unravell  Hex/Tmut       #####.....   10%         5    ###....
 Conjure Flame            Conj/Fire      ##......     13%         3    None
 Gell's Gravitas          Tloc           ##........   13%         3    None
 Ignite Poison            Fire/Tmut/Pois ##......     13%         3    None
 Ozocubu's Armour         Chrm/Ice       ###.....     13%         3    None
 Regeneration             Chrm/Necr      ##........   13%         3    None
 Spider Form              Tmut/Pois      ##........   13%         3    None
 Static Discharge         Conj/Air       ##......     13%         3    None
 Airstrike                Air            ##........   41%         4    None
 Force Lance              Conj/Tloc      ##......     41%         4    None
 Ice Form                 Ice/Tmut       ###.....     41%         4    None
 Olgreb's Toxic Radiance  Pois           ##......     41%         4    None
 Petrify                  Tmut/Erth      ##......     41%         4    None
 Sticky Flame             Conj/Fire      ##......     41%         4    None
 Summon Ice Beast         Ice/Summ       ###.....     41%         4    None
 Summon Lightning Spire   Summ/Air       ##......     41%         4    None
 Throw Icicle             Conj/Ice       ###.....     41%         4    None
 Blade Hands              Tmut           ##........   77%         5    ###....
 Fireball                 Conj/Fire      ##........   77%         5    ###....
 Lee's Rapid Deconstruct  Erth           ##........   77%         5    ###....
 Lightning Bolt           Conj/Air       ##........   77%         5    ###....
 Conjure Ball Lightning   Conj/Air       ##........   100%        6    #####..
 Deflect Missiles         Chrm/Air       ##........   100%        6    #####..
 Dispersal                Tloc           ##........   100%        6    #####..
 Iron Shot                Conj/Erth      ##........   100%        6    #####..
 Controlled Blink         Tloc           N/A          100%        8    #######
 Disjunction              Tloc           ##........   100%        8    #######
 Tornado                  Air            ##........   100%        9    #######


Dungeon Overview and Level Annotations

Branches:
Dungeon (14/15)            Temple (1/1) D:4            Lair (3/6) D:8
 Shoals (0/4) Lair:2       Spider (0/4) Lair:3          Orc (0/2) D:10
 Vaults (0/5) D:13

Altars:
Ashenzari
Cheibriados
Dithmenos
Elyvilon
Fedhas
Gozag
Hepliaklqana
Kikubaaqudgha
Makhleb
Nemelex Xobeh
Okawaru
Qazlal
Ru
Sif Muna
Trog
Uskayaw
Vehumet
Wu Jian
Xom
Yredelemnul
Zin
The Shining One

Shops:
D:5 (   D:8 *   D:9 :   D:10 %

Annotations:
D:13 2 runed doors
Lair:3 exclusion: oklob plant


Innate Abilities, Weirdness & Mutations

You are very small and have problems with some larger weapons.
You are too small for most types of armour.
You have supernaturally acute eyesight. (SInv)
You are a herbivore.
You cover ground extremely quickly.
You need to consume almost no food.


Message History

Aim: a death yak (moderately wounded, umbra)
The spray of energy hits the death yak.
The death yak is moderately wounded.
The death yak is dazzled.
You are too injured to fight recklessly!
You are too injured to fight recklessly!
You are too injured to fight recklessly!
You hit the death yak but do no damage.
The death yak is moderately wounded.
Your shadow hits the death yak but does no damage.
You hit the death yak but do no damage.
Lightning courses through the death yak!
The death yak is heavily wounded.
The death yak barely misses you.
You hit the death yak but do no damage.
The death yak is heavily wounded.
You hit the death yak.
The death yak is heavily wounded.
The death yak gores you!!
You die...

## ##§.# #####§§.#
####.##§§# ##.....§#§§#
##..#####.### ##Y...# §#
#.@###.######## ##...#
###...#.##
###..#####..#.....####
##..### #..####..##∩..
##..## #..###..####..
##.†## ##...##..# #...
#.†#### ##...##...####..
#.†#..## #...####...####.
##.#...#####.#.####...##.


You could see a death yak (blind).

Vanquished Creatures
  Gastronok (D:8)
  An ogre mage (D:13)
  Fannar (Lair:2)
  3 hydras
  5 centaur warriors
  7 two-headed ogres
  A death knight (D:12)
  Urug (Lair:2)
  A deep elf archer (D:13)
  Pikel (D:7)
  4 deep elf magi
  9 ugly things
  2 manticores
  The ghost of buki the Skirmisher, a novice GrFi of Okawaru (D:7)
  A cyclops (D:13)
  2 black mambas
  A water nymph (shapeshifter) (D:14)
  An ice statue (IceCv)
  A gargoyle (D:13)
  3 spiny frogs
  A yaktaur (shapeshifter) (D:13)
  4 kobold demonologists
  2 komodo dragons (Lair:2)
  2 ice devils (Lair:3)
  5 trolls
  2 polar bears
  2 hippogriffs
  5 slime creatures (D:14)
  A snapping turtle (Lair:2)
  A shadow (D:14)
  A vampire (D:9)
  A spriggan (Lair:2)
  Sigmund (D:4)
  2 wyverns
  40 yaks
  4 basilisks
  2 wraiths
  A human (D:7)
  4 hogs (D:7)
  A hungry ghost (D:5)
  6 vampire mosquitoes
  Menkaure (D:6)
  2 wargs (D:10)
  3 soldier ants
  5 water moccasins
  An acid dragon (D:14)
  A sky beast (D:12)
  4 orc warriors
  6 porcupines
  A hornet zombie (D:12)
  3 ice beasts
  2 black bears
  An eye of draining (D:13)
  4 phantoms
  17 wolves
  6 ogres
  23 centaurs
  A necrophage (D:9)
  8 crocodiles
  Blork the orc (D:4)
  9 bullfrogs
  4 big kobolds
  A wyvern zombie (D:14)
  A wyvern skeleton (D:8)
  10 scorpions
  14 wights
  3 electric eels
  A howler monkey (D:4)
  8 crimson imps
  A bullfrog zombie (D:11)
  3 quasits
  10 orc priests
  6 hounds
  9 jellies
  A centaur skeleton (D:5)
  Crazy Yiuf (D:2)
  A gnoll shaman (D:9)
  3 bullfrog skeletons
  6 iguanas
  15 orc wizards
  8 worker ants
  2 hound skeletons (D:5)
  Robin (D:4)
  A worker ant zombie (D:5)
  3 gnolls (D:9)
  13 adders
  4 shadow imps
  5 oozes
  An adder zombie (D:6)
  3 adder skeletons
  2 worms
  5 dart slugs
  4 leopard geckos
  41 orcs
  6 bats
  3 giant cockroaches
  7 goblins
  8 hobgoblins
  14 jackals
  5 quokkas
  2 ball pythons
  3 frilled lizards (D:2)
  20 kobolds
  A leopard gecko zombie (D:8)
  5 rats
499 creatures vanquished.

Vanquished Creatures (others)
  A slave (D:9)
  A centaur (D:14)
  A scorpion (D:7)
3 creatures vanquished.

Grand Total: 502 creatures vanquished

Notes
Turn   | Place    | Note
-------+----------+-------------------------------------------
     0 | D:1      | Jesh the Spriggan Enchanter began the quest for the Orb.
     0 | D:1      | Reached XP level 1. HP: 9/9 MP: 5/5
   382 | D:1      | Reached XP level 2. HP: 5/13 MP: 7/7
   644 | D:1      | Learned a level 2 spell: Ensorcelled Hibernation
  1058 | D:2      | Reached XP level 3. HP: 5/16 MP: 1/9
  1194 | D:2      | Learned a level 3 spell: Confuse
  1198 | D:2      | Learned a level 3 spell: Tukima's Dance
  1318 | D:2      | Noticed an ogre
  1430 | D:2      | Found a faded altar of an unknown god.
  1440 | D:2      | Killed an ogre
  1440 | D:2      | Reached skill level 5 in Stealth
  1440 | D:2      | Reached skill level 5 in Hexes
  1440 | D:2      | Reached XP level 4. HP: 21/21 MP: 3/11
  1440 | D:2      | Reached XP level 5. HP: 24/24 MP: 3/13
  1568 | D:2      | Learned a level 3 spell: Dazzling Spray
  2030 | D:2      | Reached skill level 6 in Stealth
  2436 | D:2      | Found a runed door.
  2440 | D:2      | Noticed Crazy Yiuf
  2444 | D:2      | Killed Crazy Yiuf
  2644 | D:3      | Found a hide-covered altar of Uskayaw.
  2782 | D:3      | Found an ancient bone altar of Kikubaaqudgha.
  2814 | D:3      | Reached skill level 7 in Stealth
  3100 | D:3      | Reached XP level 6. HP: 28/28 MP: 5/14
  3229 | D:3      | Found an opulent altar of Gozag.
  3388 | D:4      | Noticed Sigmund
  3396 | D:4      | Reached skill level 8 in Stealth
  3400 | D:4      | Killed Sigmund
  3400 | D:4      | Reached skill level 10 in Stealth
  3400 | D:4      | Reached XP level 7. HP: 29/32 MP: 9/15
  3455 | D:4      | Found a shimmering altar of Xom.
  3775 | D:4      | Noticed Blork the orc
  3813 | D:4      | Killed Blork the orc
  3813 | D:4      | Reached skill level 11 in Stealth
  3989 | D:4      | Found a shadowy altar of Dithmenos.
  4000 | D:4      | Became a worshipper of Dithmenos the Shadowed
  4138 | D:4      | Found a staircase to the Ecumenical Temple.
  4180 | D:4      | Noticed Robin
  4191 | D:4      | Killed Robin
  4975 | Temple   | Entered the Ecumenical Temple
  5111 | D:5      | Entered Level 5 of the Dungeon
  5116 | D:5      | Found Vahoisadgh's Weapon Shop.
  5160 | D:5      | Noticed a hungry ghost
  5162 | D:5      | Killed a hungry ghost
  5162 | D:5      | Reached skill level 12 in Stealth
  5374 | D:5      | Reached XP level 8. HP: 35/36 MP: 8/16
  5453 | D:5      | Reached skill level 13 in Stealth
  5687 | D:5      | Reached * piety under Dithmenos
  5749 | D:5      | Reached skill level 14 in Stealth
  5911 | D:5      | Reached skill level 15 in Stealth
  6183 | D:6      | Reached skill level 5 in Spellcasting
  6189 | D:6      | Reached skill level 1 in Fighting
  6235 | D:6      | Reached XP level 9. HP: 21/41 MP: 14/17
  7329 | D:6      | Noticed Menkaure
  7331 | D:6      | Killed Menkaure
  7566 | D:7      | Reached skill level 5 in Dodging
  7608 | D:7      | Identified the Incunabulum of Earthen Envenoming
  7623 | D:7      | Found a large runed door.
  7623 | D:7      | Found a large runed door.
  7644 | D:7      | Noticed buki's ghost (novice GrFi)
  7648 | D:7      | Killed buki's ghost
  7756 | D:7      | Noticed Pikel
  7776 | D:7      | Killed Pikel
  7776 | D:7      | Reached ** piety under Dithmenos
  7807 | D:7      | Found a glowing silver altar of Zin.
  7837 | D:7      | Reached XP level 10. HP: 44/48 MP: 7/20
  8291 | D:7      | Reached skill level 16 in Stealth
  8578 | D:8      | Noticed Gastronok
  8588 | D:8      | Noticed a two-headed ogre
  8599 | D:8      | Killed a two-headed ogre
  8599 | D:8      | Reached skill level 5 in Short Blades
  8686 | D:8      | Learned a level 4 spell: Cause Fear
  8687 | D:8      | Found a deep blue altar of Sif Muna.
  8717 | D:8      | Found a staircase to the Lair.
  8970 | D:8      | Found Soniunka's Assorted Antiques.
  8978 | D:8      | Bought a fizzy grey potion for 27 gold pieces
  8978 | D:8      | Bought a hardcover book for 450 gold pieces
  8978 | D:8      | Bought 2 black potions for 54 gold pieces
  8978 | D:8      | Bought a wand of random effects (32) for 30 gold pieces
  9305 | D:9      | Noticed a two-headed ogre
  9312 | D:9      | Killed a two-headed ogre
  9656 | D:9      | Found Tuuskin Vung's Book Shop.
  9664 | D:9      | Reached *** piety under Dithmenos
 10334 | D:8      | Killed Gastronok
 10334 | D:8      | Reached XP level 11. HP: 54/54 MP: 24/24
 10405 | D:10     | Entered Level 10 of the Dungeon
 10451 | D:10     | Found a staircase to the Orcish Mines.
 11070 | D:10     | Found Nigaah's Food Emporium.
 11082 | D:10     | Reached **** piety under Dithmenos
 11269 | D:10     | Reached skill level 17 in Stealth
 11943 | D:11     | Noticed a sixfirhy
 12202 | D:11     | Reached skill level 5 in Fighting
 12446 | D:11     | Noticed a cyan ugly thing
 12455 | D:11     | Killed a cyan ugly thing
 12503 | D:11     | Noticed a purple ugly thing
 12511 | D:11     | Killed a purple ugly thing
 12914 | D:12     | Noticed a cyan ugly thing
 12921 | D:12     | Killed a cyan ugly thing
 12921 | D:12     | Reached skill level 10 in Dodging
 12933 | D:12     | Noticed a death knight
 12985 | D:12     | Killed a death knight
 12985 | D:12     | Reached XP level 12. HP: 60/60 MP: 13/26
 13114 | D:12     | Reached ***** piety under Dithmenos
 13227 | D:12     | Noticed a two-headed ogre
 13234 | D:12     | Killed a two-headed ogre
 13267 | D:12     | Reached skill level 10 in Hexes
 13514 | D:12     | Noticed a two-headed ogre
 13521 | D:12     | Killed a two-headed ogre
 13886 | D:13     | Reached skill level 10 in Spellcasting
 13998 | D:13     | Reached skill level 18 in Stealth
 14284 | D:13     | Noticed a two-headed ogre
 14551 | D:13     | Found a runed door.
 14555 | D:13     | Noticed a fire dragon
 14559 | D:13     | Found the +2 shield of Resistance {rF+ rC+ MR+}
 14559 | D:13     | Noticed an ice dragon
 14559 | D:13     | Noticed an ice dragon
 14685 | D:13     | Noticed a centaur warrior
 14693 | D:13     | Killed a centaur warrior
 14788 | D:13     | Noticed a centaur warrior
 14789 | D:13     | Noticed a two-headed ogre
 14923 | D:13     | Killed a two-headed ogre
 14965 | D:13     | Noticed a four-headed hydra
 14973 | D:13     | Killed a four-headed hydra
 15004 | D:13     | Got a slimy glass ring
 15006 | D:13     | Noticed a two-headed ogre
 15017 | D:13     | Identified the ring "Hoppomul" {rPois rC+ Int+2 SInv} (You
                  | took it off a kobold demonologist on level 13 of the
                  | Dungeon)
 15028 | D:13     | Killed a two-headed ogre
 15041 | D:13     | Noticed an ogre mage
 15231 | D:13     | Noticed a centaur warrior
 15238 | D:13     | Killed a centaur warrior
 15284 | D:13     | Reached XP level 13. HP: 62/65 MP: 18/28
 15304 | D:13     | Found a runed door.
 15308 | D:13     | Noticed a fire dragon
 16072 | D:13     | Found a gate to the Vaults.
 17564 | D:14     | Reached skill level 19 in Stealth
 17942 | Lair:1   | Entered Level 1 of the Lair of Beasts
 18973 | Lair:2   | Noticed Urug
 18980 | Lair:2   | Killed Urug
 19210 | Lair:2   | Reached skill level 10 in Short Blades
 19500 | Lair:2   | Found a staircase to the Shoals.
 19584 | Lair:2   | Got a steaming robe
 19595 | Lair:2   | Identified the +1 robe of Contentment {*Contam rN++ MR+
                  | Int+2} (You found it on level 2 of the Lair of Beasts)
 19636 | Lair:2   | Noticed Fannar
 19639 | Lair:2   | Killed Fannar
 19639 | Lair:2   | Reached XP level 14. HP: 66/72 MP: 25/30
 20309 | Lair:3   | Found a hole to the Spider Nest.
 20436 | Lair:3   | Found a frozen archway.
 20454 | IceCv    | Entered an ice cave
 20958 | IceCv    | Slain by a death yak

Vault maps used:
D:1:      minmay_arrival_shattered_statue
D:2:      chequers_ecumenical_altar_simple, kennysheep_flooded_box, minivault_4,
          uniq_crazy_yiuf_cottage
D:3:      lemuel_crystal_altar, lemuel_round_altar, kiku_gazebo_garden_becter
D:4:      lemuel_doored_altar, kennysheep_mini_moat,
          minmay_temple_entry_poolview, first_ration, uniq_sigmund,
          uniq_blork_the_orc, uniq_robin
D:5:      serial_shops, shop
D:6:      uniq_menkaure
D:7:      lemuel_crystal_altar, ebering_ghost_disaster_area, grunt_livestock,
          uniq_pikel
D:8:      led_sif_pool, lair_entry_dummy, serial_shops, shop, uniq_gastronok
D:9:      serial_shops, nicolae_shop_crystal, grunt_ministairs_2
D:10:     erik_orc_4, serial_shops, shop
D:13:     hangedman_vaults_entry_quadrant_bands,
          minmay_guarded_unrand_resistance
D:14:     minmay_misc_feat_five, eino_small_chamber_without_monster
Temple:   regret_index_temple_waves
Lair:1:   minivault_25, serial_bayou_lagoon_a
Lair:2:   minmay_shoals_entry_hut, forest_entry_grove, uniq_fannar, uniq_urug
Lair:3:   spider_nest_entry_web_field, portal_ice_cave_demonic_guard,
          disabler_island, serial_bayou_shore_b, lemuel_fruit_fields
IceCv:    ice_cave_caverns_03

Skill      XL: |  1  2  3  4  5  6  7  8  9 10 11 12 13 14 |
---------------+-------------------------------------------+-----
Spellcasting   | 3 4 5 6 8 9 10 11 | 11.9
Hexes          | 4 5 7 8 9 10 11 12 | 12.1
Stealth        | 5 7 10 12 15 16 17 18 19 | 19.4
Fighting       | 1 2 4 5 6 7 |  7.8
Short Blades   | 2 4 6 7 8 10 | 10.3
Dodging        | 6 8 10 11 12 13 | 13.1

Action                   |  1- 3 |  4- 6 |  7- 9 | 10-12 | 13-15 || total
-------------------------+-------+-------+-------+-------+-------++-------
Melee: Dagger            |   107 |    63 |   238 |   360 |   365 ||  1133
 Cast: Corona            |     5 |       |       |       |       ||     5
       Ensorcelled Hiber |    13 |    20 |    71 |   114 |    65 ||   283
       Confuse           |     1 |     2 |     3 |    54 |    42 ||   102
       Dazzling Spray    |       |     3 |     3 |    17 |    23 ||    46
       Tukima's Dance    |       |       |       |     1 |       ||     1
Invok: Shadow Step       |       |       |       |       |     1 ||     1
Evoke: Wand              |       |       |       |     2 |     1 ||     3
  Use: Scroll            |    10 |     5 |     7 |     8 |     4 ||    34
       Potion            |     2 |       |     4 |     2 |     3 ||    11
 Stab: Sleeping          |    12 |    27 |    60 |   106 |    69 ||   274
       Confused          |       |     2 |     2 |    26 |    20 ||    50
       Invisible         |       |     1 |     2 |     7 |     6 ||    16
       Distracted        |       |       |     1 |     4 |     4 ||     9
  Eat: Ration            |       |     1 |     3 |     4 |     3 ||    11
Armor: Robe              |    17 |     5 |    21 |    18 |    23 ||    84
Dodge: Dodged            |   122 |    35 |   162 |   297 |   295 ||   911

Table legend:
 A = Non-vault XP
 B = Vault XP
 C = Vault XP percentage of total XP
 D = Non-vault monster count
 E = Vault monster count
 F = Vault count percentage of total count
                 A         B        C        D         E       F
            +---------+---------+-------+---------+---------+-------
      Total |   52042 |   18779 |  26.5 |     416 |      84 |  16.8
            +---------+---------+-------+---------+---------+-------
        D:1 |      25 |       0 |   0.0 |      14 |       0 |   0.0
        D:2 |     233 |      40 |  14.7 |      28 |       1 |   3.4
        D:3 |     121 |       0 |   0.0 |      17 |       0 |   0.0
        D:4 |     422 |     328 |  43.7 |      24 |      10 |  29.4
        D:5 |    1336 |       2 |   0.1 |      30 |       1 |   3.2
        D:6 |    1060 |     169 |  13.8 |      22 |       1 |   4.3
        D:7 |     970 |    2112 |  68.5 |      12 |       7 |  36.8
        D:8 |    1640 |    2265 |  58.0 |      20 |       1 |   4.8
        D:9 |    2374 |      45 |   1.9 |      27 |       2 |   6.9
       D:10 |    1076 |     545 |  33.6 |      11 |      16 |  59.3
       D:11 |    5439 |       0 |   0.0 |      37 |       0 |   0.0
       D:12 |    7261 |       0 |   0.0 |      36 |       0 |   0.0
       D:13 |    9601 |    7100 |  42.5 |      40 |      19 |  32.2
       D:14 |    9302 |       0 |   0.0 |      46 |       0 |   0.0
     Lair:1 |    3923 |       0 |   0.0 |      13 |       0 |   0.0
     Lair:2 |    4784 |    3141 |  39.6 |      27 |      10 |  27.0
     Lair:3 |    2475 |     638 |  20.5 |      12 |       2 |  14.3
      IceCv |       0 |    2394 | 100.0 |       0 |      14 | 100.0
            +---------+---------+-------+---------+---------+-------
